 Dungeon Crawl Stone Soup version 0.20.1-1-g8b1a95d (webtiles) character file.

14 wnhky the Sneak (level 2, -3/13 HPs)
             Began as a Spriggan Enchanter on Sept 22, 2017.
             Slain by a kobold
             ... wielding a +0 short sword
              (6 damage)
             ... on level 1 of the Dungeon.
             The game lasted 00:01:15 (741 turns).

wnhky the Sneak (Spriggan Enchanter)                 Turns: 741, Time: 00:01:16

Health: -3/13      AC:  2    Str:  4    XL:     2   Next: 27%
Magic:  0/6        EV: 19    Int: 16    God:
Gold:   25         SH:  0    Dex: 16    Spells: 3/6 levels left

rFire    . . .     SeeInvis +   a - +1 dagger
rCold    . . .     Gourm    .   (shield restricted)
rNeg     . . .     Faith    .   b - +0 robe
rPois    .         Spirit   .   (helmet restricted)
rElec    .         Reflect  .   (no cloak)
rCorr    .         Harm     .   (gloves unavailable)
MR       .....                  (boots unavailable)
Stlth    +++.......             (no amulet)
Regen    0.1/turn               (no ring)
MPRegen  0.1/turn               (no ring)

@: very slightly contaminated, very quick
A: unfitting armour, see invisible, herbivore 3, speed 3, slow metabolism 2
a: no special abilities


You were on level 1 of the Dungeon.
You were not hungry.

You visited 1 branch of the dungeon, and saw 1 of its levels.

You collected 25 gold pieces.

Inventory:

Hand Weapons
 a - a +1 dagger (weapon)
Armour
 b - a +0 robe (worn)
Scrolls
 g - a scroll of enchant weapon {unknown}
Potions
 e - 2 potions of haste {unknown}
 f - 2 potions of heal wounds {unknown}
Books
 c - a book of Maledictions

   Spells                             Type                      Level
   a - Corona                         Hexes                        1
   b - Ensorcelled Hibernation        Hexes/Ice                    2
   c - Confuse                        Hexes                        3
   d - Tukima's Dance                 Hexes                        3
   e - Dazzling Spray                 Conjuration/Hexes            3
Comestibles
 d - a bread ration


   Skills:
 + Level 0.1 Fighting
 * Level 1.5 Short Blades
 + Level 3.4 Dodging
 * Level 4.7 Stealth
 + Level 2.7 Spellcasting
 + Level 3.7 Hexes


You had 3 spell levels left.
You knew the following spells:

 Your Spells              Type           Power        Failure   Level  Hunger
a - Corona                Hex            ##.....      4%          1    #......
b - Ensorcelled Hibernat  Hex/Ice        #.....       14%         2    ##.....


Dungeon Overview and Level Annotations

Branches:
Dungeon (1/15)

Altars:


Innate Abilities, Weirdness & Mutations

You are very small and have problems with some larger weapons.
You are too small for most types of armour.
You have supernaturally acute eyesight. (SInv)
You are a herbivore.
You cover ground extremely quickly.
You need consume almost no food.


Message History

Aim: a dart slug (severely wounded, clinging, chance to defeat MR: 57%)
You miscast Ensorcelled Hibernation.
You are very lightly contaminated with residual magic.
Nothing appears to happen.
The kobold misses you.
Casting: Ensorcelled Hibernation
Confirm with . or Enter, or press ? or * to list all spells.
Aiming: Ensorcelled Hibernation
Press: ? - help, Shift-Dir - straight line, f/p - dart slug
Aim: a dart slug (severely wounded, clinging, chance to defeat MR: 57%)
The dart slug resists with significant effort.
The kobold hits you but does no damage. The dart slug bites you.
* * * LOW HITPOINT WARNING * * *
Casting: Ensorcelled Hibernation
Confirm with . or Enter, or press ? or * to list all spells.
Aiming: Ensorcelled Hibernation
Press: ? - help, Shift-Dir - straight line, f/p - dart slug
Aim: a dart slug (severely wounded, clinging, chance to defeat MR: 57%)
The dart slug resists with significant effort.
The kobold hits you with a short sword.
You die...

###.........#
###.........#
....##..##### #
.....)........ ###..
....########## .....
........# ....!.
...####.##########......
...####..........w......
................@K......
..........#.....#..###..
##.#####..#........#
...#####.###.##.#.##
......##...$....#.#
......######.####.#
##....##.. ..# .#
##....##.# #.# .#
##....##.# #.#


You could see a dart slug and a kobold.

Vanquished Creatures
  A giant cockroach (D:1)
  5 goblins (D:1)
  3 kobolds (D:1)
  4 bats (D:1)
  A frilled lizard (D:1)
14 creatures vanquished.

Notes
Turn   | Place    | Note
-------+----------+-------------------------------------------
     0 | D:1      | wnhky the Spriggan Enchanter began the quest for the Orb.
     0 | D:1      | Reached XP level 1. HP: 9/9 MP: 5/5
   473 | D:1      | Reached XP level 2. HP: 13/13 MP: 6/6
   572 | D:1      | Learned a level 2 spell: Ensorcelled Hibernation
   741 | D:1      | Slain by a kobold

Action                   || total
-------------------------++-------
Melee: Dagger            ||    60
 Cast: Corona            ||     1
       Ensorcelled Hiber ||     2
 Stab: Sleeping          ||     5
Armor: Robe              ||     5
Dodge: Dodged            ||    47
